EL
TENNESSEE SMOKIES @ MISSISSIPPI BRAVES
08/26/2047
 
TOP OF THE 1ST
Tennessee Smokies batting - Pitching for Mississippi Braves : RHP Jeff Olech
Pitching: RHP Jeff Olech
Batting: RHB Eric Wiss 0-0: Foul Ball, location: 2F
0-1: Ball
1-1: Ball
2-1: Ball
3-1: Called Strike
3-2: Fly out, F2 (Popup, 3SF, EV 83.1 MPH)
Batting: LHB Kwang-chih Men 0-0: Foul Ball, location: 2F
0-1: Swinging Strike
0-2: Foul Ball, location: 2F
0-2: Ball
1-2: Ball
2-2: SINGLE (Groundball, 4MD, EV 99.4 MPH)
Batting: RHB Ricardo Aguinaga 0-0: Foul Ball, location: 2F
0-1: Swinging Strike
0-2: Strikes out swinging
Batting: SHB Gabriel Cruz 0-0: Ball
1-0: Foul Ball, location: 2F
1-1: Foul Ball, location: 2F
1-2: Foul Ball, location: 2F
1-2: Ball
2-2: Fielders Choice at 2nd, 5-4 (Groundball, 56, EV 85.6 MPH)
Top of the 1st over - 0 runs, 1 hit, 0 errors, 1 left on base; Tennessee 0 - Mississippi 0
BOTTOM OF THE 1ST
Mississippi Braves batting - Pitching for Tennessee Smokies : RHP Jose Ramirez
Pitching: RHP Jose Ramirez
Batting: RHB Edgar Castillo 0-0: Foul Ball, location: 2F
0-1: Called Strike
0-2: Ball
1-2: Foul Ball, location: 2F
1-2: Strikes out swinging
Batting: RHB Joe Young 0-0: Ball
1-0: SINGLE (Groundball, 25, EV 71.2 MPH) (infield hit)
Batting: SHB Richello Badua 0-0: Ball
Joe Young steals 2nd base
1-0: Ball
2-0: Ball
3-0: Called Strike
3-1: Fly out, F9 (Flyball, 9, EV 90.6 MPH)
Batting: SHB Bob Morales 0-0: Reached on error, E8 (Flyball, 8LD, EV 105.0 MPH)
Joe Young scores
Batting: LHB Art D'Ascenzo 0-0: Ball
1-0: Called Strike
1-1: Ball
2-1: Foul Ball, location: 2F
2-2: Ball
3-2: Ground out 1-3 (Groundball, 34S, EV 68.1 MPH)
Bottom of the 1st over - 1 run, 1 hit, 1 error, 1 left on base; Tennessee 0 - Mississippi 1
TOP OF THE 2ND
Tennessee Smokies batting - Pitching for Mississippi Braves : RHP Jeff Olech
Batting: RHB Brad Santanello 0-0: Foul Ball, location: 2F
0-1: Ball
1-1: Ground out 5-3 (Groundball, 5, EV 100.0 MPH)
Batting: RHB David Barnard 0-0: Fly out, F9 (Flyball, 9, EV 74.4 MPH)
Batting: RHB Andy Huntley 0-0: Ball
1-0: Foul Ball, location: 2F
1-1: Fly out, F9 (Flyball, 89D, EV 95.0 MPH)
Top of the 2nd over - 0 runs, 0 hits, 0 errors, 0 left on base; Tennessee 0 - Mississippi 1
BOTTOM OF THE 2ND
Mississippi Braves batting - Pitching for Tennessee Smokies : RHP Jose Ramirez
Batting: LHB Oke Monti 0-0: Called Strike
0-1: Ball
1-1: Ball
2-1: DOUBLE (Line Drive, 89XD, EV 105.0 MPH)
Batting: SHB Jamie Roberts 0-0: Foul Ball, location: 2F
0-1: Ground out U3 (Groundball, 34S, EV 73.8 MPH)
Oke Monti to third
Batting: LHB Ryan Murdock 0-0: Swinging Strike
0-1: Ball
1-1: Ball
2-1: Foul Ball, location: 2F
2-2: Foul Ball, location: 2F
2-2: Ball
3-2: Strikes out swinging
Batting: RHB Adrian Billups 0-0: Called Strike
0-1: Foul Ball, location: 2F
0-2: Ball
1-2: Ball
2-2: Strikes out swinging
Bottom of the 2nd over - 0 runs, 1 hit, 0 errors, 1 left on base; Tennessee 0 - Mississippi 1
TOP OF THE 3RD
Tennessee Smokies batting - Pitching for Mississippi Braves : RHP Jeff Olech
Batting: SHB Nick Chandler 0-0: Ball
1-0: Ball
2-0: Foul Ball, location: 2F
2-1: Fly out, F5 (Popup, 56, EV 63.8 MPH)
Batting: LHB Adam Conover 0-0: Called Strike
0-1: Ball
1-1: Swinging Strike
1-2: Ball
2-2: Strikes out looking
Batting: RHB Eric Wiss 0-0: Ground out 6-3 (Groundball, 6, EV 90.6 MPH)
Top of the 3rd over - 0 runs, 0 hits, 0 errors, 0 left on base; Tennessee 0 - Mississippi 1
BOTTOM OF THE 3RD
Mississippi Braves batting - Pitching for Tennessee Smokies : RHP Jose Ramirez
Batting: RHB Edgar Castillo 0-0: Foul Ball, location: 2F
0-1: Ball
1-1: Ball
2-1: Foul Ball, location: 2F
2-2: Strikes out looking
Batting: RHB Joe Young 0-0: Foul Ball, location: 2F
0-1: Swinging Strike
0-2: Strikes out looking
Batting: SHB Richello Badua 0-0: Foul Ball, location: 2F
0-1: Ball
1-1: Foul Ball, location: 2F
1-2: Ground out 6-3 (Groundball, 6M, EV 92.5 MPH)
Bottom of the 3rd over - 0 runs, 0 hits, 0 errors, 0 left on base; Tennessee 0 - Mississippi 1
TOP OF THE 4TH
Tennessee Smokies batting - Pitching for Mississippi Braves : RHP Jeff Olech
Batting: LHB Kwang-chih Men 0-0: Ball
1-0: Ball
2-0: Called Strike
2-1: Foul Ball, location: 2F
2-2: Ground out 4-3 (Groundball, 4, EV 104.4 MPH)
Batting: RHB Ricardo Aguinaga 0-0: Called Strike
0-1: Ball
1-1: Fly out, F7 (Flyball, 7, EV 84.4 MPH)
Batting: SHB Gabriel Cruz 0-0: Ball
1-0: Swinging Strike
1-1: Called Strike
1-2: Strikes out swinging
Top of the 4th over - 0 runs, 0 hits, 0 errors, 0 left on base; Tennessee 0 - Mississippi 1
BOTTOM OF THE 4TH
Mississippi Braves batting - Pitching for Tennessee Smokies : RHP Jose Ramirez
Batting: SHB Bob Morales 0-0: Called Strike
0-1: Ground out U3 (Groundball, 3S, EV 90.0 MPH)
Batting: LHB Art D'Ascenzo 0-0: Swinging Strike
0-1: Ground out U3 (Groundball, 3, EV 101.2 MPH)
Batting: LHB Oke Monti 0-0: Called Strike
0-1: Swinging Strike
0-2: Strikes out swinging
Bottom of the 4th over - 0 runs, 0 hits, 0 errors, 0 left on base; Tennessee 0 - Mississippi 1
TOP OF THE 5TH
Tennessee Smokies batting - Pitching for Mississippi Braves : RHP Jeff Olech
Batting: RHB Brad Santanello 0-0: Ball
1-0: Ground out 5-3 (Groundball, 5, EV 95.6 MPH)
Batting: RHB David Barnard 0-0: Called Strike
0-1: Foul Ball, location: 2F
0-2: Ball
1-2: Fly out, F8 (Flyball, 89D, EV 102.5 MPH)
Batting: RHB Andy Huntley 0-0: Ball
1-0: Ball
2-0: Called Strike
2-1: Swinging Strike
2-2: Strikes out swinging
Top of the 5th over - 0 runs, 0 hits, 0 errors, 0 left on base; Tennessee 0 - Mississippi 1
BOTTOM OF THE 5TH
Mississippi Braves batting - Pitching for Tennessee Smokies : RHP Jose Ramirez
Batting: SHB Jamie Roberts 0-0: Foul Ball, location: 2F
0-1: Ground out 4-3 (Groundball, 4, EV 81.9 MPH)
Batting: LHB Ryan Murdock 0-0: Foul Ball, location: 2F
0-1: SINGLE (Line Drive, 56, EV 95.0 MPH)
Batting: RHB Adrian Billups 0-0: Called Strike
0-1: Ball
1-1: Ball
2-1: Ball
3-1: Base on Balls
Ryan Murdock to second
Batting: RHB Edgar Castillo 0-0: Foul Ball, location: 2F
0-1: Called Strike
0-2: Strikes out swinging
Pitching: RHP Jose Marrero
Batting: RHB Joe Young 0-0: Ball
1-0: SINGLE (Groundball, 5S, EV 73.1 MPH) (infield hit)
Ryan Murdock to third
Adrian Billups to second
Batting: SHB Richello Badua 0-0: Ball
1-0: Foul Ball, location: 2F
1-1: Ground out 5-3 (Groundball, 56S, EV 80.0 MPH)
Bottom of the 5th over - 0 runs, 2 hits, 0 errors, 3 left on base; Tennessee 0 - Mississippi 1
TOP OF THE 6TH
Tennessee Smokies batting - Pitching for Mississippi Braves : RHP Jeff Olech
Batting: SHB Nick Chandler 0-0: Called Strike
0-1: SOLO HOME RUN (Flyball, 9LD, EV 94.4 MPH), Distance : 344 ft
Batting: LHB Adam Conover 0-0: Ground out U3 (Groundball, 3, EV 101.2 MPH)
Batting: RHB Eric Wiss 0-0: Ball
1-0: Ground out 5-3 (Groundball, 56, EV 100.0 MPH)
Batting: LHB Kwang-chih Men 0-0: Ball
1-0: Called Strike
1-1: Ball
2-1: Foul Ball, location: 2F
2-2: Strikes out swinging
Top of the 6th over - 1 run, 1 hit, 0 errors, 0 left on base; Tennessee 1 - Mississippi 1
BOTTOM OF THE 6TH
Mississippi Braves batting - Pitching for Tennessee Smokies : RHP Jose Marrero
Batting: SHB Bob Morales 0-0: Ball
1-0: Called Strike
1-1: Ball
2-1: Swinging Strike
2-2: Ball
3-2: Foul Ball, location: 2F
3-2: Strikes out swinging
Batting: LHB Art D'Ascenzo 0-0: Swinging Strike
0-1: Ball
1-1: Called Strike
1-2: Foul Ball, location: 2F
1-2: Ball
2-2: Strikes out swinging
Batting: LHB Oke Monti 0-0: Called Strike
0-1: Foul Ball, location: 2F
0-2: Ball
1-2: Strikes out swinging
Bottom of the 6th over - 0 runs, 0 hits, 0 errors, 0 left on base; Tennessee 1 - Mississippi 1
TOP OF THE 7TH
Tennessee Smokies batting - Pitching for Mississippi Braves : RHP Jeff Olech
Batting: RHB Ricardo Aguinaga 0-0: Called Strike
0-1: Ball
1-1: Foul Ball, location: 2F
1-2: Foul Ball, location: 2F
1-2: Ground out 6-3 (Groundball, 6, EV 90.0 MPH)
Batting: SHB Gabriel Cruz 0-0: Called Strike
0-1: Swinging Strike
0-2: Ball
1-2: Foul Ball, location: 2F
1-2: Ball
2-2: Fly out, F9 (Flyball, 9D, EV 93.8 MPH)
Batting: RHB Brad Santanello 0-0: Called Strike
0-1: Ball
1-1: Foul Ball, location: 2F
1-2: Foul Ball, location: 2F
1-2: Ball
2-2: Foul Ball, location: 2F
2-2: Foul Ball, location: 2F
2-2: Ball
3-2: Ground out 4-3 (Groundball, 4, EV 84.4 MPH)
Top of the 7th over - 0 runs, 0 hits, 0 errors, 0 left on base; Tennessee 1 - Mississippi 1
BOTTOM OF THE 7TH
Mississippi Braves batting - Pitching for Tennessee Smokies : RHP Jose Marrero
Pitching: RHP Jaime Salazar
Batting: SHB Jamie Roberts 0-0: Called Strike
0-1: Called Strike
0-2: Strikes out looking
Batting: LHB Ryan Murdock 0-0: Called Strike
0-1: Foul Ball, location: 2F
0-2: Strikes out swinging
Batting: RHB Adrian Billups 0-0: Ball
1-0: Ball
2-0: Ground out 5-3 (Groundball, 56S, EV 83.1 MPH)
Bottom of the 7th over - 0 runs, 0 hits, 0 errors, 0 left on base; Tennessee 1 - Mississippi 1
TOP OF THE 8TH
Tennessee Smokies batting - Pitching for Mississippi Braves : RHP Jeff Olech
Batting: RHB David Barnard 0-0: Called Strike
0-1: Ball
1-1: Foul Ball, location: 2F
1-2: Foul Ball, location: 2F
1-2: Fly out, F8 (Flyball, 8RD, EV 80.6 MPH)
Pitching: RHP Omar Orosco
Pinch Hitting: LHB Wing-tat Tai 0-0: Called Strike
0-1: Ground out U3 (Groundball, 3, EV 87.5 MPH)
Batting: SHB Nick Chandler 0-0: Ball
1-0: Ground out 6-3 (Groundball, 4M, EV 88.1 MPH)
Top of the 8th over - 0 runs, 0 hits, 0 errors, 0 left on base; Tennessee 1 - Mississippi 1
BOTTOM OF THE 8TH
Mississippi Braves batting - Pitching for Tennessee Smokies : RHP Jaime Salazar
Pitching: LHP Colin Scott
Now in CF: Wing-tat Tai
Batting: RHB Edgar Castillo 0-0: Ball
1-0: Ball
2-0: Called Strike
2-1: Called Strike
2-2: Foul Ball, location: 2F
2-2: Ball
3-2: Base on Balls
Batting: RHB Joe Young 0-0: Sac Bunt to 5S - play at first, batter OUT! 5-3
Edgar Castillo to second
Batting: SHB Richello Badua 0-0: Called Strike
0-1: Foul Ball, location: 2F
0-2: Ball
1-2: Ground out 4-3 (Groundball, 4MD, EV 88.8 MPH)
Edgar Castillo to third
Batting: SHB Bob Morales 0-0: SINGLE (Groundball, 6MD, EV 108.1 MPH)
Edgar Castillo scores
Batting: LHB Art D'Ascenzo 0-0: Foul Ball, location: 2F
0-1: Swinging Strike
0-2: Ball
1-2: Strikes out swinging
Bottom of the 8th over - 1 run, 1 hit, 0 errors, 1 left on base; Tennessee 1 - Mississippi 2
TOP OF THE 9TH
Tennessee Smokies batting - Pitching for Mississippi Braves : RHP Omar Orosco
Pitching: RHP Brendan Graham
Now at 1B: Jamie Roberts
Now at 2B: Ingidayehu Lagat
Batting: LHB Adam Conover 0-0: Swinging Strike
0-1: Ball
1-1: Ball
2-1: Called Strike
2-2: Strikes out swinging
Batting: RHB Eric Wiss 0-0: Called Strike
0-1: Fly out, F7 (Flyball, 7LS, EV 88.8 MPH)
Batting: LHB Kwang-chih Men 0-0: Called Strike
0-1: Called Strike
0-2: Fly out, F8 (Line Drive, 8LM, EV 89.4 MPH)
Top of the 9th over - 0 runs, 0 hits, 0 errors, 0 left on base; Tennessee 1 - Mississippi 2
Thursday, December 15th , 2022 - OOTP Baseball 23.9 Build 102